 Dungeon Crawl Stone Soup version 0.27-a0-1384-g1422d76b99 (webtiles) character file.

Game seed: 11362182972698688693

9075 robertstho the Grappler (level 11, -10/105 HPs)
             Began as a Troll Fighter on June 30, 2021.
             Was a High Priest of Okawaru.
             Killed by vampiric draining
             ... invoked by a vampire
              (16 damage)
             ... on level 12 of the Dungeon.
             The game lasted 00:10:50 (7186 turns).

robertstho the Grappler (Troll Fighter)             Turns: 7186, Time: 00:10:51

Health: -10/105    AC: 11    Str: 34    XL:     11   Next: 18%
Magic:  12/13      EV: 12    Int:  5    God:    Okawaru [*****.]
Gold:   654        SH: 13    Dex:  9    Spells: 10/10 levels left

rFire    . . .     SeeInvis .     - Unarmed
rCold    . . .     Faith    .   b - +0 kite shield
rNeg     . . .     Spirit   .   a - +1 robe
rPois    .         Reflect  .   r - +2 hat
rElec    .         Harm     .   (no cloak)
rCorr    .         Rampage  .   (gloves unavailable)
Will     .....                  (boots unavailable)
Stlth    +++.......             h - amulet of the acrobat
HPRegen  1.27/turn              c - +4 ring of protection
MPRegen  0.13/turn              B - +6 ring of strength

@: heroic, on berserk cooldown, slowed, very slow
A: large, unfitting armour, claws 3, regeneration 1, shaggy fur 1, tough skin 1
a: Renounce Religion, Heroism, Finesse


You were on level 12 of the Dungeon.
You worshipped Okawaru.
Okawaru was extremely pleased with you.
You visited 2 branches of the dungeon, and saw 11 of its levels.

You collected 666 gold pieces.
You spent 12 gold pieces at shops.

Inventory:

Missiles
 E - a curare-tipped dart (quivered)
 F - 6 throwing nets
Armour
 a - a +1 robe (worn)
 b - a +0 kite shield (worn)
 r - a +2 hat (worn)
Jewellery
 c - a +4 ring of protection (left claw)
 e - a +4 ring of evasion
 h - an amulet of the acrobat (around neck)
 n - a ring of magical power
 y - a +6 ring of intelligence
 B - a +6 ring of strength (right claw)
Wands
 k - a wand of digging (13)
 m - a wand of iceblast (15)
 w - a wand of paralysis (6)
 C - a wand of flame (21)
 D - a wand of mindburst (15)
 H - a wand of polymorph (13)
Scrolls
 g - 7 scrolls of identify
 i - 3 scrolls of enchant armour
 j - a scroll of amnesia
 l - 2 scrolls of teleportation {unknown}
 s - 2 scrolls of magic mapping {unknown}
 t - 2 scrolls of enchant weapon {unknown}
 v - a scroll of blinking
 G - a scroll of brand weapon {unknown}
Potions
 d - 3 potions of brilliance
 f - a potion of magic
 o - a potion of flight {unknown}
 p - a potion of resistance {unknown}
 q - a potion of berserk rage
 u - 2 potions of attraction {unknown}
 x - a potion of haste {unknown}
 z - 2 potions of curing
 A - a potion of invisibility {unknown}
 I - 2 potions of ambrosia {unknown}


   Skills:
 * Level 6.2(11.2) Fighting
 * Level 5.7(10.7) Armour
 + Level 5.7(10.7) Dodging
 + Level 6.1(11.1) Shields
 + Level 10.0(15.0) Unarmed Combat
 * Level 5.1 Invocations


You had 10 spell levels left.
You didn't know any spells.
Your spell library contained the following spells:

 Spells                   Type           Power      Damage    Failure   Level
 Animate Skeleton         Necr           0%         N/A       47%         1
 Pain                     Necr           0%         1d4       47%         1
 Shock                    Conj/Air       0%         1d3       47%         1
 Poisonous Vapours        Pois/Air       0%         N/A       63%         2
 Static Discharge         Conj/Air       0%         N/A       63%         2
 Conjure Flame            Conj/Fire      0%         6-21      85%         3
 Mephitic Cloud           Conj/Pois/Air  0%         N/A       85%         3
 Swiftness                Air            0%         N/A       85%         3
 Vampiric Draining        Necr           0%         2d6       85%         3
 Airstrike                Air            0%         N/A       99%         4
 Animate Dead             Necr           0%         N/A       99%         4
 Agony                    Necr           0%         N/A       100%        5
 Freezing Cloud           Conj/Ice/Air   0%         6-21      100%        5
 Lightning Bolt           Conj/Air       0%         1d11      100%        5


Dungeon Overview and Level Annotations

Branches:
Dungeon (9/15)             Temple (1/1) D:5
   Lair: D:8-11         Orc: D:9-12

Altars:
Ashenzari
Cheibriados
Dithmenos
Elyvilon
Fedhas
Gozag
Hepliaklqana
Kikubaaqudgha
Makhleb
Nemelex Xobeh
Okawaru
Qazlal
Ru
Sif Muna
Trog
Uskayaw
Vehumet
Wu Jian
Xom
Yredelemnul
Zin

Shops:
D:2 !


Innate Abilities, Weirdness & Mutations

You are too large for most types of armour.
You have claws for hands.
Your natural rate of healing is unusually fast.
You are covered in fur. (AC +1)
You have tough skin. (AC +1)


Message History

The 15-headed hydra grows two more!
You eviscerate the 17-headed hydra!!!
You kill the 17-headed hydra!
Okawaru is honoured by your kill. You block the centaur's attack.
The centaur closely misses you.
Your base Unarmed Combat skill increases to level 10!
Your Invocations skill increases to level 5!
You eviscerate the slime creature!!!
The slime creature is severely wounded.
You hear a horrible gurgling sound!
The slime creature hits you but does no damage.
You barely miss the slime creature.
The slime creature is severely wounded.
The centaur hits you but does no damage.
The centaur kicks you but does no damage.
You mangle the slime creature!!
You kill the slime creature!
Okawaru accepts your kill. You block the centaur's attack.
The centaur barely misses you.
You claw the centaur!
The centaur is severely wounded.
You mangle the centaur!!
You kill the centaur!
Okawaru accepts your kill.
A vampire comes into view.
Things that are here:
a +0 shortbow; 15 arrows You feel a strong urge to attack something.
You are no longer berserk.
You are exhausted.
You feel yourself slow down. The vampire completely misses you. x2
You mangle the vampire!!
The vampire is severely damaged.
The vampire draws life force from you.
* * * LOW HITPOINT WARNING * * *
The vampire is healed by the life force!
You closely miss the vampire.
The vampire is severely damaged.
A white ugly thing comes into view.
The vampire draws life force from you!
You die...

#...#..#.###
##.......#..#
##.........###
#.....#.#####
.###......†.###
#.......#.$#
#...#..#.# #
#.#(.)#†###
.......#@...#
........V###.#
$....#.... #
........#.#
##....#. #u
#.....# ##
#..... ##.#..


You could see a white ugly thing and a vampire.

Vanquished Creatures
  A hydra (D:12)
  A two-headed ogre (D:12)
  2 ugly things
  A manticore (D:12)
  A troll (D:12)
  5 slime creatures (D:12)
  Grinder (D:6)
  A shadow (D:9)
  A vampire (D:8)
  2 wyverns
  Grum (D:8)
  6 vampire mosquitoes
  An acid dragon (D:12)
  A water moccasin (D:7)
  An ice beast (D:5)
  3 orc warriors
  2 sky beasts
  A necrophage (D:7)
  4 ogres
  3 centaurs
  4 wolves (D:8)
  6 kobold brigands
  3 bullfrogs
  A gnoll sergeant (D:9)
  A scorpion (D:6)
  5 wights (D:8)
  4 howler monkeys
  2 electric eels (D:9)
  A bullfrog zombie (D:6)
  2 centaur zombies (D:8)
  A hound (D:6)
  4 orc priests
  A bullfrog skeleton (D:7)
  An iron imp (D:5)
  3 iguanas
  4 orc wizards
  4 adders
  26 gnolls
  A shadow imp (D:7)
  4 white imps
  An ufetubus (D:7)
  3 dart slugs
  34 orcs
  5 ball pythons
  7 endoplasms
  3 giant cockroaches
  A goblin (D:2)
  8 hobgoblins
  57 kobolds
  2 quokkas
  5 bats
  2 frilled lizards
  A rat (D:3)
246 creatures vanquished.

Vanquished Creatures (others)
  A plant (D:1)
1 creature vanquished.

Grand Total: 247 creatures vanquished

Notes
Turn   | Place    | Note
-------+----------+-------------------------------------------
     0 | D:1      | robertstho the Troll Fighter began the quest for the Orb.
     0 | D:1      | Reached XP level 1. HP: 22/22 MP: 0/0
   109 | D:1      | Reached XP level 2. HP: 29/29 MP: 1/1
   314 | D:1      | Found a faded altar of an unknown god.
   727 | D:2      | Found Lyxtuh's Distillery.
   735 | D:2      | Bought a potion of degeneration for 12 gold pieces
  1398 | D:2      | Reached XP level 3. HP: 36/36 MP: 2/2
  1772 | D:3      | Reached skill level 1 in Armour
  1776 | D:3      | Reached XP level 4. HP: 44/44 MP: 3/3
  1781 | D:3      | Reached skill level 3 in Unarmed Combat
  2360 | D:4      | Found Lisaun's Elemental Accessories.
  2393 | D:4      | Found a glowing silver altar of Zin.
  2482 | D:4      | Noticed a kobold brigand
  2500 | D:4      | Killed a kobold brigand
  2501 | D:4      | Reached XP level 5. HP: 40/53 MP: 4/4
  2553 | D:4      | Reached XP level 6. HP: 60/61 MP: 5/5
  2641 | D:4      | Reached skill level 4 in Unarmed Combat
  2803 | D:4      | Reached XP level 7. HP: 55/67 MP: 6/6
  3097 | D:5      | Entered Level 5 of the Dungeon
  3288 | D:5      | Reached skill level 5 in Unarmed Combat
  3371 | D:5      | Found a burning altar of Makhleb.
  3492 | D:5      | Reached XP level 8. HP: 77/78 MP: 7/7
  3537 | D:5      | Found a hazy altar of Hepliaklqana.
  3621 | D:5      | Found a snail-covered altar of Cheibriados.
  3812 | D:5      | Found a staircase to the Ecumenical Temple.
  3866 | Temple   | Entered the Ecumenical Temple
  4093 | Temple   | Became a worshipper of Warmaster Okawaru
  4394 | D:6      | Noticed Grinder
  4406 | D:6      | Reached skill level 1 in Invocations
  4411 | D:6      | Killed Grinder
  4412 | D:6      | Reached skill level 6 in Unarmed Combat
  4620 | D:6      | Reached * piety under Okawaru
  4850 | D:6      | Found an ancient bone altar of Kikubaaqudgha.
  4864 | D:6      | Found a stormy altar of Qazlal.
  5263 | D:7      | Noticed a green ugly thing
  5277 | D:7      | Killed a green ugly thing
  5278 | D:7      | Reached skill level 7 in Unarmed Combat
  5278 | D:7      | Reached XP level 9. HP: 36/85 MP: 6/9
  5687 | D:8      | Reached ** piety under Okawaru
  5699 | D:8      | Found a hide-covered altar of Uskayaw.
  5778 | D:8      | Reached skill level 5 in Shields
  5793 | D:8      | Reached skill level 5 in Fighting
  5838 | D:8      | Noticed Grum
  5847 | D:8      | Reached skill level 8 in Unarmed Combat
  5867 | D:8      | Killed Grum
  5930 | D:8      | Reached *** piety under Okawaru
  5938 | D:8      | Reached XP level 10. HP: 90/96 MP: 11/11
  5951 | D:8      | Reached skill level 5 in Dodging
  6819 | D:9      | Found a bloodstained altar of Trog.
  6977 | D:9      | You fall into a shaft and drop 3 floors!
  6995 | D:12     | Noticed a purple ugly thing
  6997 | D:12     | Reached **** piety under Okawaru
  6998 | D:12     | Reached skill level 5 in Armour
  6998 | D:12     | Reached skill level 9 in Unarmed Combat
  7002 | D:12     | Killed a purple ugly thing
  7050 | D:12     | Noticed a two-headed ogre
  7059 | D:12     | Killed a two-headed ogre
  7059 | D:12     | Reached ***** piety under Okawaru
  7076 | D:12     | Reached XP level 11. HP: 38/105 MP: 11/13
  7159 | D:12     | Noticed an eight-headed hydra
  7175 | D:12     | HP: 6/157 [15-headed hydra (5)]
  7177 | D:12     | Killed a 17-headed hydra
  7178 | D:12     | Reached skill level 10 in Unarmed Combat
  7178 | D:12     | Reached skill level 5 in Invocations
  7185 | D:12     | HP: 5/105 [vampire/vampiric draining (5)]
  7186 | D:12     | Noticed a white ugly thing
  7186 | D:12     | Killed from afar by a vampire

Illustrated notes

Levels and vault maps discovered:
D:1:      amcnicky_arrival_abandoned_market, layout_basic,
          shapermc_ecumenical_altar_venn, serial_bayou, serial_bayou_pond_b,
          serial_bayou_lagoon_a, serial_bayou_pond_b, serial_bayou_pond_d,
          minivault_23, serial_park_tiny_pond
D:2:      layout_loops_corners, serial_shops, nicolae_shop_crystal
D:3:      layout_basic
D:4:      minmay_goblin_kobold_castle, layout_rooms, kennysheep_flooded_box,
          nicolae_elemental_shop, minmay_misc_feat_iff
D:5:      layout_basic, kennysheep_little_box, slow_altar_1,
          amcnicky_altar_gilded, minmay_temple_entry_nine_rooms, serial_glass,
          glass_columns_c, glass_columns_a, due_unseen_surprise,
          minmay_strange_pillars
D:6:      layout_loops_ring, amethyst_overflow_temple_binary, uniq_grinder
D:7:      layout_loops_cross, minmay_misc_feat_square, minmay_crossroads
D:8:      layout_basic, lemuel_doored_altar, moated_statue, grunt_ministairs_14,
          dk_noncrumbling_2, grunt_ogre_cave, uniq_grum
D:9:      layout_big_octagon, overflow_temple_1_default, serial_gnoll_camp,
          gnoll_camp_mini_doghouse, gnoll_camp_mini_shop, gnoll_camp_huts_moat,
          gnoll_camp_mini_sergeant, minivault_22
D:12:     layout_loops_ring, maelrawn_ghost_gauntlet_escape,
          minmay_increasing_density
Temple:   dpeg_chambers_temple

Skill      XL: |  1  2  3  4  5  6  7  8  9 10 11 |
---------------+----------------------------------+-----
Armour         | 1 2 3 4 5 |  5.7
Fighting       | 3 4 5 6 |  6.2
Unarmed Combat | 3 4 5 7 8 9 10 | 10.0
Dodging        | 3 4 5 |  5.7
Shields        | 3 4 5 6 |  6.1
Invocations    | 2 3 4 5 |  5.1

Action                   |  1- 3 |  4- 6 |  7- 9 | 10-12 || total
-------------------------+-------+-------+-------+-------++-------
Melee: Unarmed           |    90 |   168 |   355 |   170 ||   783
Invok: Heroism           |       |       |     1 |     4 ||     5
  Use: Scroll            |     3 |     3 |       |     1 ||     7
       Potion            |     1 |       |     1 |     3 ||     5
 Stab: Sleeping          |     3 |       |       |       ||     3
Armor: Robe              |    19 |    49 |    94 |    48 ||   210
Dodge: Dodged            |    30 |    72 |   147 |    90 ||   339
Block: Kite shield       |    34 |    92 |   175 |   137 ||   438

Table legend: (Time is in decaauts)
 A = Elapsed time spent in this place.
 B = Non-inter-level travel time spent in this place.
 C = Inter-level travel time spent in this place.
 D = Time resting spent in this place.
 E = Time spent auto-exploring this place.
 F = Levels seen in this place.
 G = Mean time per level.
                   A        B        C        D        E       F      G
               +--------+--------+--------+--------+--------+-----+--------+
         Total |   7226 |   6877 |    349 |     26 |   5427 |  11 |  656.9 |
       Dungeon |   6972 |   6670 |    302 |     26 |   5220 |  10 |  697.2 |
        Temple |    254 |    208 |     46 |      0 |    207 |   1 |  254.0 |
               +--------+--------+--------+--------+--------+-----+--------+

Top non-repeatable levels by time:
     D:4: 1118 daAuts
     D:8: 1090 daAuts
     D:5: 811 daAuts
     D:6: 765 daAuts
     D:2: 765 daAuts
     D:1: 731 daAuts
     D:7: 719 daAuts
     D:3: 546 daAuts
  Temple: 254 daAuts
     D:9: 236 daAuts
    D:12: 188 daAuts
